 Dungeon Crawl Stone Soup version 0.26-a0-695-g987792ac36 (webtiles) character file.

Game seed: 2215218371358431222

16 timneilson the Shield-Bearer (level 2, -2/19 HPs)
             Began as a Gargoyle Fighter on Oct 25, 2020.
             Slain by a gnoll
             ... wielding a +0 spear
              (4 damage)
             ... on level 2 of the Dungeon.
             The game lasted 00:01:32 (855 turns).

timneilson the Shield-Bearer (Gargoyle Fighter)      Turns: 855, Time: 00:01:32

Health: -2/19      AC: 10    Str: 19    XL:     2   Next: 54%
Magic:  2/2        EV:  7    Int:  8    God:
Gold:   165        SH:  9    Dex:  9    Spells: 1/1 levels left

rFire    . . .     SeeInvis .   a - +0 long sword
rCold    . . .     Faith    .   c - +0 kite shield
rNeg     + . .     Spirit   .   b - +0 scale mail
rPois    ∞         Reflect  .   g - +0 helmet
rElec    +         Harm     .   (no cloak)
rCorr    .         Rampage  .   (no gloves)
MR       .....                  (no boots)
Stlth    ..........             (no amulet)
HPRegen  0.06/turn              (no ring)
MPRegen  0.08/turn              (no ring)

@: no status effects
A: negative energy resistance 1, electricity resistance, unbreathing,
petrification resistance, rot immunity, AC +2
a: no special abilities


You were on level 2 of the Dungeon.
You visited 1 branch of the dungeon, and saw 2 of its levels.

You collected 165 gold pieces.

Inventory:

Hand Weapons
 a - a +0 long sword (weapon)
Armour
 b - a +0 scale mail (worn)
 c - a +0 kite shield (worn)
 g - a +0 helmet (worn)
 j - a +0 plate armour
Scrolls
 f - a scroll of fog {unknown}
 h - 2 scrolls of remove curse
 l - a scroll of enchant weapon {unknown}
Potions
 d - a potion of might
 e - a potion of haste
 i - 2 potions of heal wounds
 k - a potion of curing {unknown}


   Skills:
 + Level 3.4 Fighting
 * Level 2.1 Long Blades
 * Level 3.5 Armour
 * Level 3.6 Shields


You had one spell level left.
You didn't know any spells.
Your spell library was empty.

Dungeon Overview and Level Annotations

Branches:
Dungeon (2/15)

Altars:


Innate Abilities, Weirdness & Mutations

You are resistant to torment.
Your stone body is resilient. (AC +2)
You are immune to poison.
You resist negative energy. (rN+)
You are resistant to electric shocks. (rElec)
You can survive without breathing.
You are immune to petrification.
You are immune to rotting.


Message History

The gnoll hits you from afar with a +0 spear.
* * * LOW HITPOINT WARNING * * *
The adder bites you.
* * * LOW HITPOINT WARNING * * *
The adder bites you but does no damage. The gnoll completely misses you.
The adder closely misses you. The adder barely misses you.
The adder bites you but does no damage. The adder bites you but does no damage.
Unknown command.
The adder bites you but does no damage. You block the adder's attack.
The adder bites you but does no damage. The adder bites you.
* * * LOW HITPOINT WARNING * * *
You see here a frilled lizard corpse.
There is a stone staircase leading up here.
You block the adder's attack. The adder bites you but does no damage.
The gnoll hits you from afar with a +0 spear.
You die...

#.≈≈≈≈≈.≈≈.≈≈≈..###.###
#...≈≈..........# #.#
#.#.#####..####.# #.#
#....## #.## #.#
##.....###.#####.#
#....†...........#
##.....###########
##...#########
##.........@#
#..#######S# #..# #g#
#..##### #†# #......#
#g# ##.###.# #.# #.#
#.# #.# #.###.###.#
#.....g...#


You could see 2 gnolls and an adder.

Vanquished Creatures
  3 giant cockroaches (D:1)
  A hobgoblin (D:2)
  3 kobolds
  3 bats (D:1)
  A frilled lizard (D:2)
  3 goblins
  2 rats (D:1)
16 creatures vanquished.

Notes
Turn   | Place    | Note
-------+----------+-------------------------------------------
     0 | D:1      | timneilson the Gargoyle Fighter began the quest for the
                  | Orb.
     0 | D:1      | Reached XP level 1. HP: 14/14 MP: 1/1
   235 | D:1      | Reached XP level 2. HP: 17/19 MP: 2/2
   721 | D:2      | Found a faded altar of an unknown god.
   855 | D:2      | Slain by a gnoll

Illustrated notes

Levels and vault maps discovered:
D:1:      matt_arrival_diagonals, layout_loops_cross
D:2:      layout_loops_ring, chequers_ecumenical_altar_island,
          lemuel_flame_loot_1

Skill      XL: |  1 |
---------------+----+-----
Long Blades    | 2 |  2.1
Fighting       | |  3.4
Armour         | |  3.5
Shields        | |  3.6

Action                   || total
-------------------------++-------
Melee: Long sword        ||    48
  Use: Scroll            ||     3
Armor: Scale mail        ||    27
Dodge: Dodged            ||    18
Block: Kite shield       ||    19
       Rpst.: Long sword ||     5

Table legend: (Time is in decaauts)
 A = Elapsed time spent in this place.
 B = Non-inter-level travel time spent in this place.
 C = Inter-level travel time spent in this place.
 D = Time resting spent in this place.
 E = Time spent auto-exploring this place.
 F = Levels seen in this place.
 G = Mean time per level.
                   A        B        C        D        E       F      G
               +--------+--------+--------+--------+--------+-----+--------+
         Total |    872 |    815 |     57 |      0 |    632 |   2 |  436.0 |
       Dungeon |    872 |    815 |     57 |      0 |    632 |   2 |  436.0 |
               +--------+--------+--------+--------+--------+-----+--------+

Top non-repeatable levels by time:
     D:1: 725 daAuts
     D:2: 147 daAuts
